 Dungeon Crawl Stone Soup version 0.27.1-33-g824d729ab1 (webtiles) character file.

Game seed: 14550273603039135276

223 Iich the Skirmisher (level 5, -1/69 (72) HPs)
             Began as a Minotaur Berserker on Dec 13, 2021.
             Was a Believer of Trog.
             Succumbed to an orc's poison
             ... on level 4 of the Dungeon.
             The game lasted 00:06:58 (3212 turns).

Iich the Skirmisher (Minotaur Berserker)            Turns: 3212, Time: 00:06:58

HP:   -1/69 (72)    AC:  5    Str: 22    XL:     5   Next: 66%
MP:   0/4           EV: 10    Int:  4    God:    Trog [**....]
Gold: 125           SH:  3    Dex: 10    Spells: 4/4 levels left

rFire    . . .     SeeInvis .   d - +0 rapier (flame)
rCold    . . .     Faith    .   n - +0 buckler
rNeg     . . .     Spirit   +   f - +0 ring mail
rPois    .         Reflect  .   (helmet restricted)
rElec    .         Harm     .   s - scarf {+Inv}
rCorr    .         Rampage  .   (no gloves)
Will     .....                  (no boots)
Stlth    ..........             l - amulet of guardian spirit
HPRegen  0.21/turn              p - +4 ring of slaying
MPRegen  0.09/turn              (no ring)

@: berserking, lethally poisoned (-1 -> -29), lightly drained, very quick
A: horns 2, retaliatory headbutt
a: Renounce Religion, Evoke Invisibility, Berserk, Trog's Hand


You were on level 4 of the Dungeon.
You worshipped Trog.
Trog was pleased with you.
You visited 1 branch of the dungeon, and saw 4 of its levels.

You collected 125 gold pieces.

Inventory:

Hand Weapons
 a - a +0 mace
 d - a +0 rapier of flaming (weapon)
Armour
 b - a +0 animal skin
 f - a +0 ring mail (worn)
 n - a +0 buckler (worn)
 s - a scarf of invisibility (worn)
Jewellery
 l - an amulet of guardian spirit (around neck)
 p - a +4 ring of slaying (left hand)
 t - an amulet of magic regeneration
Wands
 q - a wand of paralysis (6)
Scrolls
 e - 2 scrolls of torment
 g - 2 scrolls of fog
 h - a scroll of teleportation
 i - a scroll of brand weapon
 k - a scroll of noise {unknown}
 m - 4 scrolls of fear
 r - a scroll of enchant armour {unknown}
 u - a scroll of identify
Potions
 c - a potion of might {unknown}
 j - a potion of curing {unknown}
 o - a potion of heal wounds {unknown}
 v - a potion of invisibility {unknown}


   Skills:
 + Level 5.0 Fighting
 + Level 3.0 Short Blades
 + Level 4.2 Maces & Flails
 + Level 3.9 Armour
 + Level 2.9 Dodging
 + Level 0.4 Stealth
 + Level 0.2 Shields


You had 4 spell levels left.
You didn't know any spells.
Your spell library was empty.

Dungeon Overview and Level Annotations

Branches:
Dungeon (4/15)
 Temple: D:4-7

Altars:
Dithmenos


Innate Abilities, Weirdness & Mutations

You have a pair of horns on your head.
You reflexively headbutt those who attack you in melee.


Message History

The orc hits you with a +0 club.
You barely miss the orc. You headbutt the orc.
The orc is severely wounded.
You feel very sick. The orc closely misses you.
The orc hits you but does no damage.
Unknown command.
You barely miss the orc.
The orc is severely wounded.
You feel very sick.
Unknown command.
You closely miss the orc.
The orc is severely wounded.
You feel very sick. You block the orc's attack.
The orc hits you with a +0 club.
Unknown command.
You closely miss the orc.
The orc is severely wounded.
You feel very sick. You block the orc's attack.
The orc hits you with a +0 club.
* * * LOW HITPOINT WARNING * * *
Unknown command.
You completely miss the orc.
The orc is severely wounded.
You feel sick.
The orc hits you with a +1 short sword of venom.
* * * LOW HITPOINT WARNING * * *
You are lethally poisoned!
The orc hits you with a +0 club.
* * * LOW HITPOINT WARNING * * *
You hit the orc. You burn the orc.
You feel the power of Trog in you as your rage grows.
You kill the orc!
Trog accepts your kill.
* * * LOW HITPOINT WARNING * * *
You feel very sick.
The orc hits you with a +1 short sword of venom.
* * * LOW HITPOINT WARNING * * *
You are more poisoned.
Found the Volume of Transmigration.
You die...

#.........#### ..
#.........# :..
#......†..# ..##
#......†..#### ...
##.....#......
#.##### #.....#......
#.....# #.....#.....†
#.....###.....#......
#..o@.+.......#......
#.[..)####....#......
#.............#......
#.#+#.###.....#......
#. #...#.....#######
# #...#.#.###
#.###.#.# ... ..#.#
#.# ###.#


You could see an orc.

Vanquished Creatures
  A phantom (D:4)
  A hound (D:4)
  4 adders
  2 dart slugs
  A worm (D:2)
  5 orcs
  10 endoplasms
  4 giant cockroaches
  9 hobgoblins
  5 quokkas
  8 ball pythons
  2 bats (D:1)
  2 frilled lizards
  4 goblins
  3 kobolds
  7 rats
68 creatures vanquished.

Notes
Turn   | Place    | Note
-------+----------+-------------------------------------------
     0 | D:1      | Iich the Minotaur Berserker began the quest for the Orb.
     0 | D:1      | Reached XP level 1. HP: 19/19 MP: 0/0
   323 | D:1      | Found a faded altar of an unknown god.
   348 | D:1      | Reached XP level 2. HP: 17/27 MP: 1/1
   526 | D:1      | Reached skill level 4 in Fighting
  1367 | D:2      | Reached XP level 3. HP: 33/33 MP: 2/2
  2062 | D:2      | Reached ** piety under Trog
  2063 | D:2      | Reached skill level 1 in Short Blades
  2175 | D:3      | Reached XP level 4. HP: 41/41 MP: 3/3
  2399 | D:3      | Found a shadowy altar of Dithmenos.
  3068 | D:4      | Noticed a phantom
  3074 | D:4      | Killed a phantom
  3075 | D:4      | Reached XP level 5. HP: 46/47 MP: 4/4
  3134 | D:4      | Reached skill level 5 in Fighting
  3212 | D:4      | Succumbed to an orc's poison

Illustrated notes

Levels and vault maps discovered:
D:1:      ncdulo_lavacross, layout_loops_ring, ebering_ecumenical_altar_hall
D:2:      layout_loops_corners, st_stairs_5
D:3:      layout_loops_ring, nicolae_dithmenos_through_a_glass_darkly,
          kennysheep_generic_room_8
D:4:      layout_basic, gammafunk_ghost_smash

Skill      XL: |  1  2  3  4  5 |
---------------+----------------+-----
Maces & Flails | 4 |  4.2
Fighting       | 4 5 |  5.0
Short Blades   | 1 2 3 |  3.0
Armour         | 3 |  3.9
Dodging        | |  2.9
Stealth        | |  0.4
Shields        | |  0.2

Action                   |  1- 3 |  4- 6 || total
-------------------------+-------+-------++-------
Melee: Mace              |    17 |       ||    17
       Rapier            |    54 |    44 ||    98
       Headbutt          |     7 |     5 ||    12
Invok: Berserk           |       |     1 ||     1
  Use: Scroll            |     4 |     1 ||     5
Armor: Animal skin       |     4 |       ||     4
       Ring mail         |    25 |    11 ||    36
Dodge: Dodged            |    46 |    31 ||    77
Block: Buckler           |       |     9 ||     9
